[Event "SixDays Budapest January-IMA 2023"]
[Site "Budapest"]
[Date "2023.01.23"]
[Round "1.1"]
[White "Leszko, Bence"]
[Black "Ongut, Tamas Gunes"]
[Result "1/2-1/2"]
[ECO "B80"]
[WhiteElo "2298"]
[BlackElo "2340"]
[Annotator "TA"]
[PlyCount "39"]
[EventDate "2023.01.23"]
[EventType "tourn"]
[EventCountry "HUN"]
[SourceTitle "playchess.com"]
[Source "ChessBase"]
[SourceQuality "1"]
[TimeControl "5400+30"]

1. e4 {[%emt 0:05:02] Hecht,Hans Joachim} c5 2. Nf3 e6 3. d4 cxd4 4. Nxd4 Nf6 5. Nc3 d6 6. g3 Nc6 7. Bg2 Bd7 8. O-O Be7 9. Be3 {[%emt 0:10:43] 9.Nce2 is the modern continuation.} O-O 10. Nxc6 {[%emt 0:04:15] B80: Sicilian Scheveningen: 6 g3 and 6 Be3, including English Attack.} Bxc6 {[%emt 0:00:36] [#] The position is equal.} 11. h3 $146 ({Predecessor:} 11. a4 a6 12. a5 Rc8 13. Re1 Qc7 14. Bb6 Qd7 15. Qd2 Bd8 16. Bd4 e5 17. Be3 Ng4 18. Bh3 f5 19. Bxg4 fxg4 20. Red1 Bc7 21. Nd5 Qf7 {0-1 Gershon,A (2543)-Pogorelov,R (2489) EU-ch 4th Istanbul 2003 (8)}) 11... Qa5 12. a3 Rac8 13. Qd4 a6 14. Rfd1 Rfe8 15. Qd2 Qc7 16. Bf4 Qb6 17. Be3 Qc7 (17... Qxb2 $2 18. Rdb1 $18) 18. Bf4 Qb6 19. Be3 Qc7 (19... Qxb2 $2 20. Rdb1 $18) 20. Bf4 {Not much happened in this game.   Weighted Error Value: White=0.08 (flawless) /Black=0.07 (flawless)} 1/2-1/2

[Event "SixDays Budapest January-IMA 2023"]
[Site "Budapest"]
[Date "2023.01.23"]
[Round "1.2"]
[White "Polyik, Peter"]
[Black "Ihnat, Marek"]
[Result "1/2-1/2"]
[ECO "D08"]
[WhiteElo "2323"]
[BlackElo "2138"]
[Annotator "TA"]
[PlyCount "75"]
[EventDate "2023.01.23"]
[EventType "tourn"]
[EventCountry "HUN"]
[SourceTitle "playchess.com"]
[Source "ChessBase"]
[SourceQuality "1"]
[TimeControl "5400+30"]

1. d4 d5 2. c4 e5 3. dxe5 Ne7 4. Nf3 Nbc6 5. cxd5 Qxd5 6. Qxd5 {[%emt 0:05:16] D08: Albin Counter Gambit.} ({Much worse is} 6. Nc3 Qxd1+ 7. Kxd1 Bg4 $11) 6... Nxd5 7. a3 $1 {[%emt 0:00:04] Against Ndb4} h6 {[%emt 0:00:44] [#]} 8. b4 $146 {[%emt 0:09:41] White is slightly better.} (8. e4 $5 Nb6 9. Bb5 $14) ({Predecessor:} 8. e4 Nb6 9. Be3 Bd7 10. b4 g5 11. b5 Na5 12. Nbd2 c5 13. bxc6 Nxc6 14. h4 {½-½ Can,E (2569)-Mazur,S (2416) EU-ch 21st Reykjavik 2021 (3)}) 8... g5 9. e4 ({White should try} 9. h3 $14) 9... Nb6 $11 10. Bb5 Bd7 11. Bb2 Rg8 12. Nbd2 Bg7 (12... Nxe5 $5 13. Bxe5 Bxb5 $11) 13. Rc1 O-O-O 14. Nb3 (14. Ba1 $11) 14... Rge8 (14... g4 $5 15. Bxc6 Bxc6 $11) 15. Nc5 Nxe5 16. Nxd7 Nbxd7 17. Nd4 (17. Ke2 $15) 17... Ng6 $17 {[%emt 0:09:17] A dynamic duo of knights.} 18. f3 {[%emt 0:02:35] [#]} f5 $1 19. Rc2 (19. O-O fxe4) 19... fxe4 {[%emt 0:01:59] aiming for ...a6.} 20. Nf5 $2 (20. O-O $17) 20... exf3+ $19 21. Kf2 fxg2 22. Kxg2 Nh4+ (22... Nf4+ $19 23. Kg3 Bxb2 24. Nd6+ Kb8 25. Nxe8 Be5 26. Bxd7 Rxd7) 23. Nxh4 $17 Bxb2 24. Nf5 {[%emt 0:03:29] [#] Strongly threatening Nd6+.} Be5 {[%emt 0:01:34] Wards off Nd6+} ({Much less strong is} 24... Bxa3 25. Nd6+ (25. Nxh6 $2 {too greedy.} a6 $19) 25... Kb8 26. Nxe8 $16) 25. Nxh6 Rf8 {[%emt 0:01:11] Dodges Nf7} 26. Re1 {[%emt 0:00:39] Black must now prevent Bxd7+.} Bd6 27. h3 Ne5 {[%emt 0:00:51] And now ...Nf3 would win.} 28. Rf1 {[%emt 0:00:47] Dodges Nf3} Rxf1 (28... c6 $142 29. Be2 Rxf1 30. Bxf1 Bc7) 29. Bxf1 Rf8 30. Rf2 Rxf2+ 31. Kxf2 {[%emt 0:00:01][%mdl 4096] Endgame KBN-KBN} Kd7 32. Ke3 Ke6 33. Ke4 a5 34. bxa5 {[%emt 0:00:34] The position is equal.} Bxa3 35. a6 bxa6 36. Bxa6 Bd6 37. Bc8+ Kf6 38. Ng4+ {[%emt 0:00:04] White happily takes the draw.   Weighted Error Value: White=0.23 (precise) /Black=0.23 (precise)} 1/2-1/2

[Event "SixDays Budapest January-IMA 2023"]
[Site "Budapest"]
[Date "2023.01.23"]
[Round "1.3"]
[White "Taragan, Uri"]
[Black "Orso, Miklos"]
[Result "1/2-1/2"]
[ECO "E73"]
[WhiteElo "1733"]
[BlackElo "2256"]
[Annotator "TA"]
[PlyCount "56"]
[EventDate "2023.01.23"]
[EventType "tourn"]
[EventCountry "HUN"]
[SourceTitle "playchess.com"]
[Source "ChessBase"]
[SourceQuality "1"]
[TimeControl "5400+30"]

1. d4 Nf6 2. c4 g6 3. Nc3 Bg7 4. e4 d6 5. Be2 O-O 6. Be3 Nc6 7. d5 Ne5 {[%emt 0:00:31] E73: King's Indian: Averbakh Variation without 6...c5.} 8. h3 {[%emt 0:00:19] 8.f4 gains popularity.} (8. f4 $5 Ned7 9. g4 $14) 8... c6 9. Nf3 Nxf3+ {[%emt 0:02:49] White is slightly better.} 10. Bxf3 Nd7 11. Qd2 {[%emt 0:09:03] [#]} Ne5 $146 ({Predecessor:} 11... a5 12. O-O a4 13. Rac1 Qa5 14. Rfd1 f5 15. exf5 Ne5 16. Be2 Bxf5 17. f4 Nf7 {1-0 Matlakov,M (2685)-Fedoseev,V (2678) PNWCC Online Masters WOO rapid 2020 (8)}) 12. Be2 f5 13. O-O Rf7 (13... e6 $14) 14. f4 $16 Nd7 15. dxc6 bxc6 16. c5 fxe4 (16... Bxc3 $142 17. Qxc3 (17. bxc3 Nf6 $14) 17... Nf6) 17. Bc4 Nf6 (17... d5 $2 18. Nxd5 e6 19. Nc3) 18. Bxf7+ Kxf7 19. Rad1 (19. cxd6 $16 {Black must now prevent Rfd1.} exd6 20. Bd4) 19... d5 $14 20. Ne2 e6 21. Nd4 Qc7 22. b4 {[%emt 0:00:41] White is much more active.} Ba6 {[%emt 0:00:59] Inhibits a4.} 23. Rf2 Bc4 24. a3 ({White should play} 24. g4 $16) 24... a6 (24... Nd7 $1 $11) 25. Rb1 ({White should try} 25. g4 $16) 25... Re8 $11 26. a4 Nd7 (26... Bd3 $5 27. Rb3 Nd7 $11) 27. Ne2 (27. b5 $14) 27... Kg8 {[%emt 0:01:13][%mdl 1024] Black has compensation. White is weak on the light squares} 28. Bd4 (28. Rc1 $11) 28... e5 {[%emt 0:03:27] Weighted Error Value: White=0.26 (precise) /Black=0.19 (very precise)} 1/2-1/2

[Event "SixDays Budapest January-IMA 2023"]
[Site "Budapest"]
[Date "2023.01.23"]
[Round "1.4"]
[White "Szeberenyi, Adam"]
[Black "Baski, Barnabas"]
[Result "1-0"]
[ECO "E09"]
[WhiteElo "2331"]
[BlackElo "2188"]
[Annotator "TA"]
[PlyCount "89"]
[EventDate "2023.01.23"]
[EventType "tourn"]
[EventCountry "HUN"]
[SourceTitle "playchess.com"]
[Source "ChessBase"]
[SourceQuality "1"]
[TimeControl "5400+30"]

1. Nf3 Nf6 2. c4 e6 3. g3 d5 4. d4 Bb4+ 5. Bd2 Be7 6. Bg2 Nbd7 7. Qc2 O-O 8. O-O c6 9. Bf4 Nh5 10. Bc1 Nhf6 11. Nbd2 b6 12. Rd1 Bb7 13. e4 dxc4 14. Nxc4 c5 15. d5 {[%emt 0:10:57] E09: Closed Catalan: Main Line: 7 Qc2 c6 8 Nbd2.} exd5 $15 16. e5 Ne8 17. Qf5 {[%emt 0:08:13] Black is slightly better.} g6 (17... Nc7 {seems wilder.} 18. Ng5 g6 19. Qh3 Bxg5 20. Bxg5 Qxg5 21. Qxd7 Qd8) 18. Qh3 Ng7 {[%emt 0:03:32] [#]} 19. Ne3 $146 ({White should try} 19. Ne1 $15) ({Predecessor:} 19. Bh6 Qc8 20. Ng5 Bxg5 21. Nd6 Nxe5 22. Nxc8 Bxc8 23. g4 Bxg4 24. Qg3 Bxh6 25. Rxd5 {0-1 Sargsyan,S (2628)-Alonso Rosell,A (2570) Wch Rapid Warsaw 2021 (3)}) 19... d4 $19 20. Ng4 h5 21. Nh6+ Kh7 {[%emt 0:00:34] ...Bxf3 would be deadly.} 22. Re1 Bd5 23. g4 Be6 24. Qg3 $2 (24. Bf1 $17 {is a better defense.}) 24... hxg4 25. Nxg4 {[%emt 0:01:10] [#]} Nh5 $1 26. Qh3 Rh8 27. Nd2 Rb8 28. Qf3 Kg7 29. b3 b5 30. Bb2 Nb6 31. Ne4 Nd5 {[%emt 0:00:44] Prevents Ngf6.} 32. Rac1 Rc8 ({Avoid the trap} 32... Nhf4 $2 33. Ngf6 Nxg2 34. Qxg2 $19) 33. Bf1 Qd7 34. h3 Bf5 $2 (34... Nhf4 $19 {...Rh4 is the strong threat.} 35. Nef6 Bxg4 36. hxg4 Bxf6 37. exf6+ Kg8) 35. e6 $1 $11 {[%emt 0:01:50] Some like it hot} Bxe6 {[%emt 0:00:50] And now ...f6 would win.} (35... fxe6 {with more complications.} 36. Nxc5 Bxg4 37. hxg4 Bxc5 38. gxh5 Bb6) 36. Nxc5 $1 {[%emt 0:00:11][%mdl 64] Remove Defender, Decoy} Bxc5 37. Rxc5 {[%emt 0:00:03][%mdl 64] Remove Defender} Rxc5 38. Bxd4+ Kg8 (38... Nhf6 $2 39. Nxf6 (39. Bxc5 Bxg4 40. hxg4 Qc7 $17) 39... Qd8 40. Nxd5+ Kh6 41. Qf4+ Qg5+ 42. Qxg5+ Kxg5 43. Bxc5 $18) (38... f6 $11 39. Bxc5 a6) 39. Bxc5 $16 {[%emt 0:00:23] White is much more active. This pair of bishops is nice.} Nhf4 $2 {[%emt 0:00:31][%mdl 8192] [#]} (39... a6 $14) 40. Qxf4 $3 $18 {[%emt 0:01:54][%mdl 576] Deflection} Nxf4 41. Nf6+ Kg7 42. Nxd7 {[%emt 0:00:04] Threatens to win with Bd4+.} Nxh3+ 43. Bxh3 Rxh3 44. Bd4+ Kh6 45. Nf6 {[%emt 0:00:36] What a bad dream for Black. Beautiful play by Szeberenyi!   Weighted Error Value: White=0.30/Black=0.41} 1-0

[Event "SixDays Budapest January-IMA 2023"]
[Site "Budapest"]
[Date "2023.01.23"]
[Round "1.5"]
[White "Heimisson, Hilmir Freyr"]
[Black "Magold, Filip"]
[Result "1-0"]
[ECO "B22"]
[WhiteElo "2321"]
[BlackElo "2230"]
[Annotator "TA"]
[PlyCount "109"]
[EventDate "2023.01.23"]
[EventType "tourn"]
[EventCountry "HUN"]
[SourceTitle "playchess.com"]
[Source "ChessBase"]
[SourceQuality "1"]
[TimeControl "5400+30"]

1. e4 c5 2. c3 Nf6 3. e5 Nd5 4. Nf3 Nc6 5. Bc4 Nb6 6. Bb3 d5 7. exd6 Qxd6 8. O-O {[%emt 0:02:19] B22: Sicilian: 2 c3.} Be6 9. Bxe6 Qxe6 10. a4 {[%emt 0:00:41][%cal Ba2a4,Ba4a5,Ba5a6][%mdl 32] The position is equal.} Qd7 11. a5 Nd5 12. a6 b5 13. d4 e6 14. Ne5 {[%emt 0:07:45] [#]} Qc7 $146 ({Predecessor:} 14... Nxe5 15. dxe5 Qc6 16. Re1 Rd8 17. Qg4 h5 18. Qh3 Be7 19. Qf3 h4 20. h3 c4 {1-0 Tkachiev,V (2664)-Carlsen,M (2775) Moscow Tal Memorial Blitz 2008 (15)}) 15. Qe2 Rb8 (15... Nxe5 {simplifies} 16. Qxe5 Qxe5 17. dxe5 c4) 16. Rd1 Be7 17. Nxc6 Qxc6 18. dxc5 Qxc5 19. Nd2 (19. Na3 $5 ) 19... O-O 20. Ne4 Qc6 21. Bg5 f6 22. Be3 Nxe3 23. Qxe3 Rb6 24. h4 h6 25. b4 Rc8 (25... f5 $11 26. Nc5 f4) 26. Rd3 (26. Nd6 $1 $14 Bxd6 27. Qxe6+ Kh8 28. Rxd6 Qxc3 {[%mdl 64] Double Attack} 29. Rad1 Rxd6 30. Qxd6) 26... Kh7 $11 ({But not} 26... Rxa6 27. Rxa6 Qxa6 28. Rd7 $16) 27. Ng3 Qe8 28. Ne2 f5 29. g3 Bf6 30. Nf4 Qf7 31. Re1 Rcc6 32. Red1 (32. Qf3 $11) 32... Rc7 ({Black should play} 32... e5 $15 33. Ng2 Qg6) 33. Rd6 e5 (33... Rxc3 $11 {keeps the balance.} 34. Qxe6 Qxe6 35. Nxe6 Rcc6 36. Nf8+ Kg8 37. Rxc6 Rxc6) 34. Ne6 ({White should try} 34. Rxb6 {[%cal Of4d5] And now Nd5! would win.} exf4 35. Rxf6 Qxf6 36. Qxf4 Rxc3 37. Rd6) 34... Rcc6 $16 35. Rxc6 Rxc6 36. Nc5 $36 {[%emt 0:00:06][%mdl 2048] [#] Black must now prevent Rd7. White has strong initiative.} Qg6 37. Rd7 {[%emt 0:01:09] Repels Be7} (37. Kf1 $16) 37... f4 $11 38. Qf3 (38. Qd3 {simplifies} Qxd3 39. Rxd3 Be7 40. Ne4) 38... Bxh4 39. Rxa7 (39. Kg2 $5) 39... fxg3 40. fxg3 {[%emt 0:00:29] aiming for Qe4.} Bxg3 {[%emt 0:00:32] Hoping for ...Rf6.} 41. Qe4 {[%emt 0:00:35] Some like it hot. Active counter play!} h5 $2 {[%emt 0:00:29][%mdl 8192] [#] A mistake that costs the game.} (41... Qxe4 $11 {and Black stays safe.} 42. Nxe4 Be1) 42. Qxg6+ $1 $18 Rxg6 {[%emt 0:00:02][%mdl 4096] Endgame KRB-KRN} 43. Rb7 {[%emt 0:00:37] Strongly threatening a7.} e4 44. a7 ({Not} 44. Rxb5 Bb8+ 45. Kf1 Ba7 $16) ({And not} 44. Nxe4 Bh4+ 45. Kf1 Rxa6 $11) 44... Bb8+ 45. Kf2 Rf6+ 46. Ke2 Bxa7 47. Rxa7 {[%emt 0:00:01] KRN-KR} h4 48. Nxe4 Rg6 (48... Rf5 49. Rd7 Kg6) 49. Kf3 Rg1 50. Kf2 Rg6 51. Ra1 Kh6 52. Kf3 Re6 53. Rg1 Re5 54. Kf4 Rh5 55. Rg5 {[%emt 0:00:43] Weighted Error Value: White=0.14 (very precise) /Black=0.31} 1-0

[Event "SixDays Budapest January-IMA 2023"]
[Site "Budapest"]
[Date "2023.01.24"]
[Round "2.1"]
[White "Ongut, Tamas Gunes"]
[Black "Magold, Filip"]
[Result "0-1"]
[ECO "A07"]
[WhiteElo "2340"]
[BlackElo "2230"]
[Annotator "TA"]
[PlyCount "126"]
[EventDate "2023.01.23"]
[EventType "tourn"]
[EventCountry "HUN"]
[SourceTitle "playchess.com"]
[Source "ChessBase"]
[SourceQuality "1"]
[TimeControl "5400+30"]

1. Nf3 Nf6 2. g3 d5 3. Bg2 c6 4. O-O Bg4 5. h3 Bh5 {[%emt 0:00:30] [#]} 6. c4 $1 {[%emt 0:00:08] A07: Réti Opening: New York and Capablanca Systems.} e6 7. d4 {[%emt 0:00:08] The main line 7.d4 scores better than 7.d3.} Nbd7 8. cxd5 {[%emt 0:00:09] The position is equal.} cxd5 9. Qb3 Qb6 10. Qxb6 Nxb6 {[#]} 11. Bf4 $146 ({Predecessor:} 11. g4 Bg6 12. Ne5 Bb4 13. a3 Be7 14. Nxg6 hxg6 15. Nc3 Rc8 16. a4 Nc4 17. a5 {0-1 Magalashvili,D (2508)-Kelires,A (2531) Kavala op 27th 2018 (8)}) 11... Rc8 12. Nc3 a6 13. Rac1 (13. g4 $5 Bg6 $8 14. Rac1 $11) 13... Be7 14. Ne5 O-O 15. g4 Bg6 16. h4 {[%emt 0:11:59] With the idea h5.} h6 17. Nxg6 (17. Bh3 $5 Nfd7 18. Nxg6 fxg6 19. Bg3 $11) 17... fxg6 18. Bg3 Rc4 19. e4 dxe4 (19... Nxg4 20. exd5 Rxd4 21. dxe6 $16) 20. Nxe4 Nxe4 ({Don't play} 20... Nxg4 21. Nc5 $16) 21. Bxe4 Rxd4 22. f3 Nd5 23. Rfd1 {[%emt 0:13:12] [#]} Bc5 {[%emt 0:11:42][%mdl 64] Deflection} 24. Kh2 (24. Rxd4 Bxd4+) 24... Ne3 (24... g5 $15) 25. Rxd4 $14 Bxd4 26. Bxb7 {[%emt 0:08:50] A strong pair of Bishops.} (26. b3 $5) 26... Bxb2 27. Rb1 Bd4 28. Bxa6 Rxf3 29. Be2 Rf7 (29... Nxg4+ $2 30. Kg2 Rxg3+ 31. Kxg3 $18) 30. Rb8+ Kh7 31. Rd8 {[%emt 0:04:21] Dodges Ra7} e5 32. Re8 h5 33. gxh5 gxh5 34. Bd3+ (34. Bxe5 $2 {perishes.} Rf2+ 35. Kh3 Bxe5 36. Rxe5 (36. Bxh5 $2 Rh2#) (36. Bd3+ $2 g6 $19) 36... Rxe2 $19) 34... g6 35. Kh3 Nd5 36. Bc4 (36. Re6 $5 Rf6 37. Rxf6 Nxf6 38. Kg2 $11) 36... Nf4+ 37. Bxf4 $1 Rxf4 $11 {[%emt 0:00:01][%mdl 4096] Endgame KRB-KRB} 38. Re7+ Kh8 39. Re8+ Kg7 {[%emt 0:00:05] Threatens to win with ...Bf2.} 40. Re7+ Kf8 41. Re6 Kg7 {[%emt 0:01:06] Threatening ...Bf2.} 42. Re7+ $1 Kh8 (42... Kh6 $5 43. Bg8 g5 44. hxg5+ Kxg5 $15) 43. Re8+ Kh7 44. Re7+ $1 Kh6 {[%emt 0:00:09] White must now prevent ...Bc5.} 45. Bg8 $1 g5 46. hxg5+ Kxg5 47. Bd5 {[%emt 0:00:42] Prevents e4.} Rf1 48. Rg7+ Kh6 49. Rg3 Re1 50. Bf7 Rh1+ 51. Kg2 Rg1+ 52. Kh2 Rf1 53. Bc4 (53. Rg6+ $11 Kh7 54. Be8) 53... Rf2+ 54. Rg2 Rf4 55. Kh3 $2 (55. Bb5 $15) 55... e4 $2 (55... Bf2 $1 $19 56. Rg8 Rxc4 57. Rh8+ Kg6 58. Rg8+ Kf7) 56. Rg8 {[%emt 0:01:27] Prevents Rh4+.} Rf3+ 57. Kg2 $2 {[%emt 0:00:10] [#]} (57. Rg3 $15) 57... Rf2+ $1 $19 58. Kg3 $2 {[%emt 0:00:32] [#]} (58. Kh1) 58... Rc2 $1 {[%emt 0:00:10] ( -> ...Be5+)} 59. Be6 Be5+ {[%emt 0:00:29] Black mates.} 60. Kh4 e3 61. Rg1 Rh2+ 62. Bh3 e2 63. Rb1 Rf2 {[%emt 0:00:21] Weighted Error Value: White=0.36/Black=0.21 (precise)} 0-1

[Event "SixDays Budapest January-IMA 2023"]
[Site "Budapest"]
[Date "2023.01.24"]
[Round "2.3"]
[White "Orso, Miklos"]
[Black "Szeberenyi, Adam"]
[Result "1-0"]
[ECO "A48"]
[WhiteElo "2256"]
[BlackElo "2331"]
[Annotator "TA"]
[PlyCount "111"]
[EventDate "2023.01.23"]
[EventType "tourn"]
[EventCountry "HUN"]
[SourceTitle "playchess.com"]
[Source "ChessBase"]
[SourceQuality "1"]
[TimeControl "5400+30"]

1. Nf3 Nf6 2. d4 g6 3. c4 Bg7 4. Nc3 d5 5. cxd5 Nxd5 6. h3 O-O 7. e4 Nxc3 8. bxc3 c5 9. Be3 {[%emt 0:01:58] D85: Exchange Grünfeld: Unusual White 7th moves and lines with 7 Nf3.} (9. dxc5 Bxc3+ 10. Bd2 Bxa1 11. Qxa1 Nc6 $17) 9... Nc6 10. Qd2 (10. dxc5 Bxc3+ 11. Bd2 Bxa1 12. Qxa1 Re8 $17) 10... Qa5 11. Rd1 {[%emt 0:13:21] Black has an edge.} b6 12. Be2 Ba6 {[%emt 0:00:40] [#]} 13. Bxa6 $146 ({Predecessor:} 13. O-O Rfd8 14. Bxa6 Qxa6 15. Bh6 cxd4 16. Bxg7 Kxg7 17. cxd4 Rac8 18. d5 Na5 19. Nd4 {1-0 Maslianok,S-Stambulian,A (2310) Krasnodar op 1997}) 13... Qxa6 14. Qe2 Qxe2+ 15. Kxe2 cxd4 16. cxd4 Rac8 17. Rc1 Nb4 18. a3 (18. a4 $11 {remains equal.}) 18... Nc2 $17 19. Kd3 Nxa3 20. Ra1 Nb5 21. Rhb1 {[%emt 0:09:47] [#]} Rc3+ $1 22. Kd2 Ra3 23. Rxa3 Nxa3 24. Rc1 f5 25. Kd3 fxe4+ 26. Kxe4 Nb5 {[%emt 0:00:13] Against Rc7} 27. Rc6 Nd6+ 28. Kd5 Rd8 29. Ke6 Nf5 {[%emt 0:01:44] And now ...Bf6 would win.} (29... Bf6 $5 30. Bg5 Bxg5 31. Nxg5 Nf5 $17) 30. g4 Nxe3 (30... Nxd4+ 31. Nxd4 Bxd4 32. Kxe7 Bxe3 33. Kxd8 Bxf2 34. Rc7 $16) 31. fxe3 $11 {[%emt 0:00:03][%mdl 4096] Endgame KRB-KRN} Bf8 32. d5 (32. Rc7 $11) 32... b5 (32... a5 $1 $15) 33. Ra6 b4 {[%emt 0:04:58] Hoping for ...b3.} 34. Nd4 Rb8 35. Nb3 Rc8 36. Rc6 (36. Rxa7 Rc3 37. Nd4 Rxe3+ 38. Kd7 Rd3 $17) 36... Ra8 {[%emt 0:00:03] Threatens to win with ...a5.} 37. Rc5 Rd8 $1 38. Rc6 Ra8 {[%emt 0:03:56] White must now prevent ...a5.} 39. Rc5 Bh6 (39... Rd8 $5 ) 40. e4 {[%emt 0:00:42][%cal Oc5b5] Rb5! would be deadly.} Rf8 $2 {[%emt 0:00:01][%mdl 8192] [#] This costs Black the game.} (40... Rb8 $14) 41. Rb5 $1 $18 (41. Kxe7 Bg5+ 42. Kd7 Rd8+ 43. Kc7 Re8 $18) 41... Rf6+ 42. Kxe7 Rf3 (42... Bg5 $142 43. Kd7 (43. Rxb4 $2 Rb6+ {[%mdl 64] Discovered Attack} 44. Kd7 Rxb4 $19) 43... Bf4 44. Rxb4 Kg7) 43. Rb8+ Bf8+ {[%emt 0:00:05] [#]} (43... Kg7 $142 44. Nd4 Bg5+ 45. Kd6 Re3 46. Ne6+ Kh6 47. Rxb4 Bh4) 44. Rxf8+ $1 Rxf8 {[%emt 0:00:19] KR-KN} 45. d6 Rf7+ 46. Ke6 Kg7 47. e5 h5 48. g5 {[%emt 0:01:17] White mates.} h4 49. d7 Rf8 50. Ke7 Rf7+ 51. Kd6 Rf3 52. Nd4 ({Weaker is} 52. d8=R Rxb3 53. Rd7+ Kf8 $11) 52... Rd3 53. Kd5 (53. d8=R {gets mated.} Rxd4+ 54. Ke7 Rxd8 55. Kxd8 b3 56. e6 b2 57. e7 b1=Q 58. e8=Q Qb8+ 59. Ke7 Qxe8+ 60. Kxe8 a5 61. Ke7 a4 62. Ke6 a3 63. Ke5 a2 64. Ke4 a1=Q 65. Ke3 Qc3+ 66. Ke2 Qxh3 67. Kd2 Qg4 68. Kc2 h3 69. Kd2 h2 70. Kd3 h1=Q 71. Kd2 Qhd1+ 72. Ke3 Qgf3#) 53... b3 54. d8=Q b2 55. Qc7+ Kh8 56. Qb8+ {[%emt 0:00:08] Weighted Error Value: White=0.06 (flawless) /Black=0.36} ({Not} 56. Qxa7 b1=Q $11) 1-0

[Event "SixDays Budapest January-IMA 2023"]
[Site "Budapest"]
[Date "2023.01.24"]
[Round "2.5"]
[White "Leszko, Bence"]
[Black "Polyik, Peter"]
[Result "1-0"]
[ECO "B22"]
[WhiteElo "2298"]
[BlackElo "2323"]
[Annotator "TA"]
[PlyCount "71"]
[EventDate "2023.01.23"]
[EventType "tourn"]
[EventCountry "HUN"]
[SourceTitle "playchess.com"]
[Source "ChessBase"]
[SourceQuality "1"]
[TimeControl "5400+30"]

1. e4 c5 2. c3 Nf6 3. e5 Nd5 4. Nf3 d6 5. exd6 e6 6. d4 cxd4 7. Nxd4 Bxd6 8. g3 Nc6 9. Bg2 Nxd4 10. Qxd4 O-O 11. O-O Qc7 12. Nd2 {[%emt 0:09:27] 12.c4 might become the main line.} Bd7 13. Ne4 {[%emt 0:03:36] aiming for Nxd6. B22: Sicilian: 2 c3.} Be5 (13... Bb5 {looks sharper.} 14. Re1 Be7 15. Ng5 Bc6) 14. Qd3 Rac8 15. Rd1 {[%emt 0:06:22] [#] The position is equal.} Rfd8 $146 {[%emt 0:05:45] Strongly threatening ...Ba4.} ({Predecessor:} 15... Ba4 16. Re1 h6 17. Qe2 Rfd8 18. Nc5 Qxc5 19. Qxe5 Bc2 20. Qe2 Ba4 21. Bxh6 gxh6 22. Qg4+ Kh7 23. Qxa4 Rd6 24. Rad1 Rcd8 25. Qe4+ f5 26. Qe5 {1-0 Magem Badals,J (2505)-Martin Gonzalez,A (2405) ESP-ch playoff 1993 (5)}) 16. Bg5 (16. Ng5 $11 {keeps the balance.} Nf6 17. Qe2) 16... f6 $17 17. Be3 Ba4 18. Rdc1 {[%emt 0:25:22] [#]} Nf4 {[%emt 0:19:50][%mdl 576] Repels Qe2. Discovered Attack} 19. Qf1 Nd3 20. Rcb1 Bc2 21. Qe2 Bxb1 22. Rxb1 {[%emt 0:00:01] [#]} Qd7 (22... Qc4 $1 $17 23. b3 Qa6) 23. h4 ({Better is} 23. Bxa7 $15 Qa4 24. Bb6) 23... b6 24. f4 Bb8 25. Bh3 Qd5 ({Black should play} 25... f5 $17 26. Bd4 e5 27. Qxd3 exd4 28. cxd4 Qd5) 26. Bd4 $1 $11 f5 (26... Qxa2 $2 27. Nxf6+ (27. Qxd3 f5 $16) 27... Kf7 28. Qxd3 (28. Nxh7 $2 {is the wrong capture.} Qxb1+ 29. Bf1 Bxf4 $19) 28... Rxd4 29. cxd4 $18) 27. Ng5 {[%emt 0:00:41][%cal Be4g5,Bg5e6,Be6f4,Bf4g6][%mdl 32] And now Qh5 would win.} e5 $2 {[%emt 0:04:53][%mdl 8192] Loses the game.} (27... Qxa2 $2 28. Qxd3 h6 29. Nf3 $16) (27... Bxf4 $11 28. Qxd3 Be5) 28. Bxf5 $18 Nc5 29. Bxh7+ {[%emt 0:03:40] This pair of bishops is nice.} Kf8 30. fxe5 Ke7 31. Bf5 Nd7 32. Ne6 {[%emt 0:02:08] Black must now prevent Nf4.} Rg8 33. Nf4 Qxa2 {[%emt 0:00:44] Black is weak on the light squares} 34. Rd1 {[%emt 0:00:04] White threatens Ng6+ and mate.} Qc4 35. Qxc4 (35. Ng6+ $142 Ke8 36. Bxd7+ {[%mdl 64] Remove Defender} Kxd7 37. Bc5+ Qd5 38. Rxd5+ Kc7 39. Qa6 Rcd8 40. Bd6+ Rxd6 41. exd6+ Kc6 42. Ne7+ Kd7 43. Qa4+ Kd8 44. Qc6 Bc7 45. Re5 Rh8 46. dxc7#) 35... Rxc4 36. Ng6+ {[%emt 0:00:07] Excellently played by Leszko!   Weighted Error Value: White=0.26 (precise) /Black=0.58} 1-0